 Dungeon Crawl Stone Soup version 0.27.1-3-gb3d3a73c9e (webtiles) character file.

Game seed: 5772719361163586500

56 Descartes the Shooter (level 3, -2/20 HPs)
             Began as a Deep Elf Wanderer on Oct 12, 2021.
             Killed from afar by an orc wizard (8 damage)
             ... with a magic dart
             ... on level 3 of the Dungeon.
             The game lasted 00:03:30 (2252 turns).

Descartes the Shooter (Deep Elf Wanderer)           Turns: 2252, Time: 00:03:31

Health: -2/20      AC:  5    Str: 11    XL:     3   Next: 71%
Magic:  4/8        EV: 10    Int: 18    God:
Gold:   79         SH:  0    Dex: 11    Spells: 6/7 levels left

rFire    . . .     SeeInvis .   a - +2 shortbow
rCold    . . .     Faith    .   (shield currently unavailable)
rNeg     . . .     Spirit   .   c - +0 ring mail
rPois    .         Reflect  .   (no helmet)
rElec    .         Harm     .   (no cloak)
rCorr    .         Rampage  .   (no gloves)
Will     .....                  (no boots)
Stlth    +.........             (no amulet)
HPRegen  0.06/turn              (no ring)
MPRegen  0.11/turn              (no ring)

@: no status effects
A: no striking features
a: no special abilities


You were on level 3 of the Dungeon.
You visited 1 branch of the dungeon, and saw 3 of its levels.

You collected 79 gold pieces.

Inventory:

Hand Weapons
 a - a +2 shortbow (weapon)
 h - a +0 dagger
Missiles
 b - 18 arrows (quivered ammo)
 e - 58 stones
Armour
 c - a +0 ring mail (worn)
 o - a +0 buckler
Scrolls
 i - a scroll of noise {unknown}
 k - 2 scrolls of enchant armour {unknown}
 l - a scroll of blinking {unknown}
 m - a scroll of enchant weapon {unknown}
 p - a scroll of magic mapping {unknown}
 q - a scroll of fear {unknown}
Potions
 d - a potion of attraction {unknown}
 f - a potion of mutation {unknown}
 g - 2 potions of haste {unknown}
 j - a potion of curing {unknown}
 n - a potion of cancellation {unknown}


   Skills:
 - Level 1.5 Fighting
 + Level 3.4 Bows
 - Level 1.0 Armour
 + Level 1.5 Dodging
 + Level 2.2 Stealth
 + Level 2.6 Spellcasting
 + Level 2.8 Conjurations
 - Level 1.1 Evocations


You had 6 spell levels left.
You knew the following spells:

 Your Spells              Type           Power      Damage    Failure   Level
a - Magic Dart            Conj           48%        1d5       13%         1

Your spell library contained the following spells:

 Spells                   Type           Power      Damage    Failure   Level
 Slow                     Hex            2%         N/A       52%         2
 Stone Arrow              Conj/Erth      14%        3d7       56%         3
 Confusing Touch          Hex            2%         N/A       77%         3
 Vampiric Draining        Necr           1%         2d6       77%         3


Dungeon Overview and Level Annotations

Branches:
Dungeon (3/15)

Altars:


Message History

The arrow hits the orc!
You kill the orc!
The orc wizard hits you with a +0 dagger.
You shoot an arrow.
The arrow closely misses the orc wizard.
The arrow hits the orc!
The orc is almost dead.
The orc wizard hits you but does no damage.
You shoot an arrow. The arrow hits the orc wizard.
The orc wizard is lightly wounded.
The orc wizard barely misses you.
You shoot an arrow.
The arrow closely misses the orc wizard.
The arrow closely misses the orc.
The orc wizard hits you with a +0 dagger.
You shoot an arrow.
The arrow hits the orc wizard but does no damage.
The orc wizard is lightly wounded.
The orc wizard closely misses you.
The orc wizard hits you with a +0 dagger.
You shoot an arrow.
The arrow closely misses the orc wizard.
The arrow hits the orc.
You kill the orc!
The orc wizard casts a spell at you. The puff of flame hits you!
* * * LOW HITPOINT WARNING * * *
You are too injured to fight recklessly!
You are too injured to fight recklessly!
You are too injured to fight recklessly!
Casting: Magic Dart (safe; 13% risk of failure)
Confirm with . or Enter, or press ? or * to list all spells.
Aiming: Magic Dart (safe; 13% risk of failure)
Press: ? - help, Shift-Dir - straight line, f/p - orc wizard
Aim: an orc wizard, wielding a +0 dagger and wearing a +0 robe (lightly wounded, 100% to hit)
The magic dart hits the orc wizard.
The orc wizard is lightly wounded.
The orc wizard casts a spell at you. The magic dart hits you!
You die... ######... #@o()(... ######...

You could see an orc wizard.

Vanquished Creatures
  A worm (D:2)
  4 orcs (D:3)
  3 ball pythons
  6 bats
  4 endoplasms (D:1)
  3 giant cockroaches (D:1)
  4 hobgoblins
  7 kobolds
  3 quokkas
  2 frilled lizards (D:1)
  2 goblins
  6 rats
45 creatures vanquished.

Notes
Turn   | Place    | Note
-------+----------+-------------------------------------------
     0 | D:1      | Descartes the Deep Elf Wanderer began the quest for the
                  | Orb.
     0 | D:1      | Descartes set off with the following items: a +2 shortbow,
                  | 26 arrows, a +0 ring mail; and the following spell
                  | memorised: Magic Dart; and the following spells available
                  | to memorise: Stone Arrow
     0 | D:1      | Reached XP level 1. HP: 12/12 MP: 5/5
   352 | D:1      | Reached XP level 2. HP: 14/16 MP: 3/6
   354 | D:1      | Reached skill level 3 in Bows
   739 | D:1      | Reached skill level 1 in Dodging
  1157 | D:1      | Reached XP level 3. HP: 20/20 MP: 3/8
  1833 | D:2      | Found a faded altar of an unknown god.
  2252 | D:3      | Killed from afar by an orc wizard

Illustrated notes

Levels and vault maps discovered:
D:1:      minmay_arrival_five_plusses, layout_loops_cross
D:2:      wander_river, layout_basic, ebering_ecumenical_altar_mist
D:3:      kennysheep_six_static_rooms, layout_basic, uniq_robin,
          uniq_crazy_yiuf_cottage

Skill      XL: |  1  2 |
---------------+-------+-----
Bows           | 3 |  3.4
Spellcasting   | 2 |  2.6
Dodging        | 1 |  1.5
Stealth        | 2 |  2.2
Fighting       | |  1.5
Armour         | |  1.0
Conjurations   | |  2.8
Evocations     | |  1.1

Action                   || total
-------------------------++-------
 Fire: Shortbow          ||    33
 Cast: Magic Dart        ||    89
Armor: Ring mail         ||    22
Dodge: Dodged            ||    25
